[ PARTIDA AOE2 · #482605658 ]
UnrankedCumanos vs Britons
[ ANÁLISIS DE REPETICIÓN · EXTRAÍDO DE LA PARTIDA GRABADA ]
Feudal
11:23
Castillos
—
Imperial
—
| APM promedio | 25.4 |
| APM pico | 66 |
| eAPM promedio | 13.8 |
| Aldeanos / militares | 70 / 24 |
Foco
⚔️ 22.5% · 🌾 77.5%
Spearman ×15 · Skirmisher ×9
Feudal
9:35
Castillos
23:40
Imperial
—
| APM promedio | 61.8 |
| APM pico | 121 |
| eAPM promedio | 19.3 |
| Aldeanos / militares | 60 / 49 |
Foco
⚔️ 33.9% · 🌾 66.1%
Archer ×47 · Spearman ×2
Feudal
9:32
Castillos
22:15
Imperial
—
| APM promedio | 36.1 |
| APM pico | 85 |
| eAPM promedio | 14.4 |
| Aldeanos / militares | 69 / 32 |
Foco
⚔️ 27.1% · 🌾 72.9%
Knight ×24 · Scout Cavalry ×8
Feudal
11:05
Castillos
18:20
Imperial
—
| APM promedio | 23.2 |
| APM pico | 63 |
| eAPM promedio | 12.4 |
| Aldeanos / militares | 71 / 16 |
Foco
⚔️ 17.0% · 🌾 83.0%
Knight ×13 · Spearman ×3
Mapa de la partida
Recursos iniciales + cada clic de construcción. Líneas = muros · curvas = relieve. ◆ oro · ⬟ piedra · ● bayas · ✦ reliquia · ◌ hueco del cierre
Tu base· Abierta — flanco sin cerrar
Base de MedicenelMago· ✓ Cerrada en 23:40 · 11t muro · 1 puerta(s)
Base de Carpincho Fernández· Abierta — hueco de 5t
Base de mingenbauer· ✓ Cerrada en 18:20 · 87t muro · 3 puerta(s)
Terreno inicial suavizado · ◌ = hueco del cierre detectado · pasá el cursor para detalles
Inputs por minuto
— basbr - - MedicenelMago
Build order — basbr
Primeras 150 de 152 acciones detectadas
| 0:03 | Crear | Villager (Male) |
| 0:03 | Crear | Villager (Male) |
| 0:03 | Crear | Villager (Male) |
| 0:03 | Crear | Villager (Male) |
| 0:06 | Construir | House |
| 0:08 | Construir | House |
| 1:34 | Crear | Villager (Male) |
| 1:34 | Crear | Villager (Male) |
| 1:52 | Construir | Lumber Camp |
| 2:41 | Crear | Villager (Male) |
| 2:41 | Crear | Villager (Male) |
| 2:41 | Crear | Villager (Male) |
| 3:21 | Crear | Villager (Male) |
| 3:21 | Crear | Villager (Male) |
| 3:46 | Crear | Villager (Male) |
| 4:21 | Crear | Villager (Male) |
| 4:21 | Crear | Villager (Male) |
| 4:30 | Construir | House |
| 4:54 | Crear | Villager (Male) |
| 4:54 | Crear | Villager (Male) |
| 4:54 | Crear | Villager (Male) |
| 5:43 | Crear | Villager (Male) |
| 5:44 | Crear | Villager (Male) |
| 6:11 | Crear | Villager (Male) |
| 6:35 | Crear | Villager (Male) |
| 6:50 | Construir | House |
| 7:06 | Construir | Mill |
| 7:49 | Crear | Villager (Male) |
| 7:49 | Crear | Villager (Male) |
| 7:50 | Crear | Villager (Male) |
| 8:09 | Crear | Villager (Male) |
| 8:09 | Crear | Villager (Male) |
| 8:23 | Construir | House |
| 8:24 | Construir | House |
| 8:25 | Construir | House |
| 9:13 | Investigar | Feudal Age |
| 9:25 | Investigar | Loom |
| 9:34 | Construir | Farm |
| 9:37 | Construir | Farm |
| 10:05 | Construir | Mining Camp |
| 10:47 | Construir | Palisade Wall |
| 10:58 | Construir | Palisade Wall |
| 11:23 | Edad | Edad Feudal |
| 11:29 | Construir | Farm |
| 11:49 | Construir | Barracks |
| 12:04 | Construir | House |
| 12:22 | Crear | Villager (Male) |
| 12:22 | Crear | Villager (Male) |
| 12:22 | Crear | Villager (Male) |
| 12:45 | Crear | Spearman ×5 |
| 12:46 | Crear | Villager (Male) |
| 12:47 | Crear | Villager (Male) |
| 12:47 | Crear | Villager (Male) |
| 13:08 | Construir | Town Center |
| 13:44 | Crear | Spearman |
| 13:44 | Crear | Spearman |
| 15:15 | Construir | Farm |
| 15:16 | Construir | Farm |
| 15:16 | Construir | Farm |
| 15:17 | Construir | Farm |
| 15:28 | Crear | Villager (Male) |
| 15:28 | Crear | Villager (Male) |
| 15:28 | Crear | Villager (Male) |
| 15:30 | Crear | Villager (Male) |
| 15:30 | Crear | Villager (Male) |
| 16:19 | Construir | Archery Range |
| 16:27 | Crear | Spearman |
| 16:47 | Construir | Farm |
| 16:47 | Construir | Farm |
| 16:57 | Crear | Skirmisher ×2 |
| 17:19 | Crear | Skirmisher |
| 17:19 | Crear | Skirmisher |
| 17:42 | Crear | Villager (Male) |
| 17:53 | Construir | Farm |
| 17:53 | Construir | Farm |
| 17:53 | Construir | Farm |
| 17:54 | Construir | Farm |
| 18:26 | Crear | Villager (Male) |
| 18:27 | Crear | Villager (Male) |
| 18:38 | Crear | Spearman |
| 18:42 | Construir | Farm |
| 18:51 | Crear | Villager (Male) |
| 18:51 | Crear | Villager (Male) |
| 19:00 | Construir | Farm |
| 19:11 | Construir | Farm |
| 19:22 | Crear | Villager (Male) |
| 19:22 | Crear | Villager (Male) |
| 19:30 | Construir | Farm |
| 19:34 | Construir | Farm |
| 19:38 | Crear | Villager (Male) |
| 19:50 | Crear | Spearman |
| 19:53 | Crear | Villager (Male) |
| 20:08 | Crear | Villager (Male) |
| 20:16 | Construir | Farm |
| 20:23 | Crear | Skirmisher |
| 20:27 | Crear | Villager (Male) |
| 20:49 | Construir | Palisade Wall |
| 20:57 | Construir | Palisade Wall |
| 21:06 | Crear | Villager (Male) |
| 21:07 | Crear | Villager (Male) |
| 21:09 | Crear | Villager (Male) |
| 21:25 | Crear | Skirmisher |
| 21:25 | Crear | Skirmisher |
| 21:26 | Crear | Skirmisher |
| 22:10 | Construir | Blacksmith |
| 22:16 | Crear | Skirmisher |
| 22:22 | Crear | Villager (Male) |
| 22:23 | Crear | Villager (Male) |
| 22:24 | Crear | Villager (Male) |
| 22:24 | Crear | Villager (Male) |
| 22:25 | Crear | Villager (Male) |
| 22:29 | Construir | Farm |
| 22:30 | Construir | Farm |
| 22:30 | Construir | Farm |
| 22:58 | Investigar | Fletching |
| 23:06 | Construir | House |
| 23:07 | Construir | House |
| 23:08 | Construir | House |
| 23:22 | Crear | Spearman |
| 23:22 | Crear | Spearman |
| 23:43 | Crear | Villager (Male) |
| 23:48 | Crear | Villager (Male) |
| 24:13 | Construir | Palisade Wall |
| 24:24 | Crear | Villager (Male) |
| 24:47 | Crear | Villager (Male) |
| 24:48 | Crear | Villager (Male) |
| 24:49 | Crear | Villager (Male) |
| 24:52 | Construir | Farm |
| 25:12 | Construir | Farm |
| 25:15 | Investigar | Horse Collar |
| 25:19 | Investigar | Double-Bit Axe |
| 25:35 | Construir | Palisade Wall |
| 25:42 | Construir | Palisade Wall |
| 25:45 | Crear | Villager (Male) |
| 25:46 | Crear | Villager (Male) |
| 25:46 | Crear | Villager (Male) |
| 25:47 | Crear | Villager (Male) |
| 25:47 | Crear | Villager (Male) |
| 25:47 | Crear | Villager (Male) |
| 25:53 | Construir | Farm |
| 25:53 | Construir | Farm |
| 25:53 | Construir | Farm |
| 25:56 | Construir | Farm |
| 25:56 | Construir | Farm |
| 26:20 | Construir | Stable |
| 26:41 | Crear | Spearman |
| 26:41 | Crear | Spearman |
| 26:41 | Crear | Spearman |
| 27:11 | Construir | Farm |
| 27:26 | Investigar | Padded Archer Armor |
Build order — MedicenelMago
Primeras 150 de 196 acciones detectadas
| 0:02 | Crear | Villager (Male) |
| 0:03 | Crear | Villager (Male) |
| 0:03 | Crear | Villager (Male) |
| 0:03 | Crear | Villager (Male) |
| 0:04 | Crear | Villager (Male) |
| 0:04 | Crear | Villager (Male) |
| 0:06 | Construir | House |
| 0:07 | Construir | House |
| 1:41 | Crear | Villager (Male) |
| 1:41 | Crear | Villager (Male) |
| 1:49 | Construir | Lumber Camp |
| 1:58 | Crear | Villager (Male) |
| 2:24 | Crear | Villager (Male) |
| 2:24 | Crear | Villager (Male) |
| 2:54 | Crear | Villager (Male) |
| 4:04 | Crear | Villager (Male) |
| 4:05 | Crear | Villager (Male) |
| 4:06 | Crear | Villager (Male) |
| 4:26 | Construir | House |
| 4:34 | Construir | Mill |
| 4:45 | Crear | Villager (Male) |
| 4:45 | Crear | Villager (Male) |
| 4:59 | Crear | Villager (Male) |
| 4:59 | Crear | Villager (Male) |
| 5:12 | Crear | Villager (Male) |
| 5:12 | Crear | Villager (Male) |
| 6:09 | Construir | House |
| 6:48 | Investigar | Loom |
| 6:48 | Crear | Villager (Male) |
| 7:03 | Investigar | Feudal Age |
| 7:46 | Construir | Mining Camp |
| 8:39 | Construir | Barracks |
| 9:35 | Edad | Edad Feudal |
| 9:38 | Crear | Villager (Male) |
| 9:38 | Crear | Villager (Male) |
| 9:43 | Construir | Archery Range |
| 10:02 | Investigar | Double-Bit Axe |
| 10:08 | Crear | Villager (Male) |
| 10:09 | Crear | Villager (Male) |
| 10:38 | Crear | Archer |
| 10:38 | Crear | Archer |
| 10:42 | Construir | Blacksmith |
| 10:43 | Construir | House |
| 10:54 | Crear | Spearman |
| 10:55 | Crear | Spearman |
| 11:02 | Construir | House |
| 11:04 | Construir | House |
| 11:48 | Crear | Villager (Male) |
| 11:49 | Crear | Villager (Male) |
| 11:56 | Construir | Lumber Camp |
| 12:10 | Crear | Archer |
| 12:11 | Crear | Archer |
| 12:15 | Investigar | Fletching |
| 12:23 | Construir | House |
| 12:25 | Construir | House |
| 12:26 | Construir | Palisade Wall |
| 12:57 | Crear | Archer |
| 12:57 | Crear | Archer |
| 13:09 | Crear | Villager (Male) |
| 13:09 | Crear | Villager (Male) |
| 13:10 | Crear | Villager (Male) |
| 13:48 | Crear | Villager (Male) |
| 13:50 | Crear | Archer |
| 13:50 | Crear | Archer |
| 13:50 | Crear | Archer |
| 13:55 | Construir | Archery Range |
| 14:23 | Crear | Archer |
| 14:23 | Crear | Archer |
| 14:23 | Crear | Archer |
| 14:54 | Construir | Farm |
| 14:54 | Construir | Farm |
| 14:54 | Construir | Farm |
| 14:54 | Construir | Farm |
| 14:58 | Construir | Farm |
| 14:58 | Construir | Farm |
| 14:58 | Construir | Farm |
| 14:59 | Crear | Archer |
| 15:00 | Crear | Archer |
| 15:34 | Crear | Archer |
| 15:36 | Crear | Villager (Male) |
| 15:36 | Crear | Villager (Male) |
| 15:36 | Crear | Villager (Male) |
| 15:37 | Crear | Villager (Male) |
| 15:47 | Construir | Farm |
| 15:47 | Construir | Farm |
| 15:47 | Construir | Farm |
| 15:48 | Construir | Farm |
| 15:48 | Construir | Farm |
| 15:54 | Crear | Villager (Male) |
| 16:25 | Crear | Archer |
| 16:25 | Crear | Archer |
| 16:25 | Crear | Archer |
| 16:29 | Crear | Villager (Male) |
| 16:29 | Crear | Villager (Male) |
| 17:11 | Crear | Archer |
| 17:11 | Crear | Archer |
| 17:11 | Crear | Archer |
| 17:12 | Crear | Villager (Male) |
| 17:12 | Crear | Villager (Male) |
| 17:16 | Construir | House |
| 17:18 | Construir | House |
| 17:18 | Construir | House |
| 17:18 | Construir | House |
| 17:19 | Construir | House |
| 17:20 | Construir | House |
| 17:20 | Construir | House |
| 17:20 | Construir | House |
| 17:20 | Construir | House |
| 17:21 | Construir | House |
| 17:21 | Construir | House |
| 17:21 | Construir | House |
| 17:21 | Construir | House |
| 17:22 | Construir | House |
| 17:36 | Crear | Archer |
| 17:36 | Crear | Archer |
| 17:36 | Crear | Archer |
| 17:44 | Crear | Villager (Male) |
| 17:45 | Crear | Villager (Male) |
| 17:47 | Crear | Archer |
| 17:47 | Crear | Archer |
| 17:54 | Investigar | Padded Archer Armor |
| 17:58 | Construir | Farm |
| 17:58 | Construir | Farm |
| 17:59 | Construir | Farm |
| 18:32 | Crear | Archer |
| 18:32 | Crear | Archer |
| 18:57 | Crear | Villager (Male) |
| 20:35 | Construir | House |
| 20:36 | Construir | House |
| 20:36 | Construir | House |
| 20:36 | Construir | House |
| 20:36 | Construir | House |
| 20:37 | Construir | House |
| 21:00 | Investigar | Castle Age |
| 21:01 | Investigar | Castle Age |
| 21:13 | Construir | Archery Range |
| 21:22 | Construir | House |
| 21:27 | Construir | House |
| 21:31 | Construir | House |
| 21:34 | Construir | House |
| 21:38 | Construir | House |
| 21:41 | Construir | House |
| 21:43 | Construir | Palisade Wall |
| 21:46 | Crear | Archer |
| 21:46 | Crear | Archer |
| 21:46 | Crear | Archer |
| 22:30 | Investigar | Horse Collar |
| 22:42 | Construir | Palisade Gate |
| 22:50 | Crear | Archer |
| 22:50 | Crear | Archer |
Build order — Carpincho Fernández
Primeras 150 de 171 acciones detectadas
| 0:01 | Crear | Villager (Male) |
| 0:03 | Construir | House |
| 0:03 | Crear | Villager (Male) |
| 0:04 | Crear | Villager (Male) |
| 0:04 | Crear | Villager (Male) |
| 0:04 | Crear | Villager (Male) |
| 0:06 | Construir | House |
| 1:43 | Crear | Villager (Male) |
| 1:44 | Crear | Villager (Male) |
| 2:09 | Crear | Villager (Male) |
| 2:09 | Crear | Villager (Male) |
| 2:14 | Construir | Lumber Camp |
| 2:30 | Crear | Villager (Male) |
| 2:31 | Crear | Villager (Male) |
| 2:45 | Crear | Villager (Male) |
| 2:45 | Crear | Villager (Male) |
| 2:59 | Crear | Villager (Male) |
| 2:59 | Crear | Villager (Male) |
| 3:20 | Crear | Villager (Male) |
| 3:21 | Crear | Villager (Male) |
| 3:31 | Construir | House |
| 3:38 | Crear | Villager (Male) |
| 4:28 | Crear | Villager (Male) |
| 4:28 | Crear | Villager (Male) |
| 4:50 | Crear | Villager (Male) |
| 4:50 | Crear | Villager (Male) |
| 4:59 | Crear | Villager (Male) |
| 4:59 | Crear | Villager (Male) |
| 5:11 | Construir | Mill |
| 5:44 | Crear | Villager (Male) |
| 5:45 | Crear | Villager (Male) |
| 5:47 | Crear | Villager (Male) |
| 5:48 | Investigar | Loom |
| 7:22 | Investigar | Feudal Age |
| 7:41 | Construir | Barracks |
| 7:46 | Construir | House |
| 7:47 | Construir | House |
| 8:09 | Crear | Villager (Male) |
| 8:09 | Crear | Villager (Male) |
| 8:25 | Construir | Palisade Wall |
| 8:28 | Construir | Palisade Wall |
| 8:32 | Construir | Palisade Wall |
| 8:38 | Construir | Palisade Wall |
| 8:40 | Construir | Palisade Wall |
| 8:45 | Crear | Villager (Male) |
| 9:32 | Edad | Edad Feudal |
| 9:35 | Construir | Stable |
| 9:48 | Investigar | Double-Bit Axe |
| 9:54 | Construir | Farm |
| 10:02 | Crear | Villager (Male) |
| 10:18 | Crear | Villager (Male) |
| 10:20 | Construir | Farm |
| 10:23 | Crear | Scout Cavalry |
| 10:23 | Crear | Scout Cavalry |
| 10:31 | Construir | Farm |
| 10:45 | Construir | Farm |
| 10:46 | Crear | Villager (Male) |
| 10:54 | Crear | Scout Cavalry |
| 11:29 | Crear | Villager (Male) |
| 11:30 | Crear | Scout Cavalry |
| 11:48 | Construir | Farm |
| 11:50 | Crear | Villager (Male) |
| 11:50 | Crear | Villager (Male) |
| 11:54 | Construir | House |
| 11:56 | Construir | House |
| 12:50 | Crear | Villager (Male) |
| 12:51 | Crear | Scout Cavalry |
| 13:12 | Construir | Farm |
| 13:13 | Construir | Farm |
| 13:13 | Construir | Farm |
| 13:13 | Construir | Farm |
| 13:13 | Construir | Farm |
| 13:13 | Construir | Farm |
| 13:16 | Construir | Farm |
| 13:16 | Crear | Villager (Male) |
| 13:17 | Crear | Villager (Male) |
| 13:20 | Construir | Farm |
| 13:26 | Crear | Villager (Male) |
| 13:43 | Construir | Farm |
| 13:44 | Crear | Villager (Male) |
| 14:13 | Crear | Scout Cavalry |
| 14:14 | Crear | Scout Cavalry |
| 14:45 | Crear | Scout Cavalry |
| 14:47 | Crear | Villager (Male) |
| 15:17 | Construir | Mining Camp |
| 15:18 | Crear | Villager (Male) |
| 15:19 | Crear | Villager (Male) |
| 15:22 | Crear | Villager (Male) |
| 15:23 | Crear | Villager (Male) |
| 15:24 | Construir | Farm |
| 15:30 | Construir | Blacksmith |
| 15:31 | Construir | House |
| 15:34 | Crear | Villager (Male) |
| 15:34 | Crear | Villager (Male) |
| 15:41 | Construir | Farm |
| 15:42 | Construir | Farm |
| 16:13 | Crear | Villager (Male) |
| 17:08 | Investigar | Scale Barding Armor |
| 17:09 | Investigar | Forging |
| 17:31 | Construir | Farm |
| 17:32 | Construir | Farm |
| 17:36 | Construir | Farm |
| 17:39 | Construir | Farm |
| 17:41 | Construir | Farm |
| 17:44 | Construir | Farm |
| 17:51 | Construir | House |
| 17:54 | Construir | House |
| 17:58 | Construir | House |
| 18:00 | Construir | House |
| 18:03 | Crear | Villager (Male) |
| 18:48 | Crear | Villager (Male) |
| 18:53 | Construir | Market |
| 19:02 | Construir | House |
| 19:35 | Investigar | Castle Age |
| 21:25 | Construir | Stable |
| 21:26 | Construir | House |
| 21:37 | Crear | Villager (Male) |
| 21:37 | Crear | Villager (Male) |
| 22:15 | Edad | Edad de los Castillos |
| 22:18 | Construir | Town Center |
| 22:20 | Investigar | Chain Barding Armor |
| 22:23 | Crear | Knight |
| 22:23 | Crear | Knight |
| 22:24 | Crear | Knight |
| 22:24 | Crear | Knight |
| 22:25 | Investigar | Husbandry |
| 22:44 | Crear | Villager (Male) |
| 22:44 | Crear | Villager (Male) |
| 22:57 | Construir | Lumber Camp |
| 23:04 | Crear | Knight |
| 23:05 | Crear | Knight |
| 23:05 | Crear | Knight |
| 23:05 | Crear | Knight |
| 23:57 | Crear | Villager (Male) |
| 23:57 | Crear | Villager (Male) |
| 23:59 | Crear | Villager (Male) |
| 23:59 | Crear | Villager (Male) |
| 24:02 | Construir | Farm |
| 24:11 | Construir | Farm |
| 24:16 | Crear | Knight |
| 24:16 | Crear | Knight |
| 24:17 | Crear | Knight |
| 24:31 | Crear | Villager (Male) |
| 24:32 | Crear | Villager (Male) |
| 24:35 | Crear | Knight |
| 24:35 | Crear | Knight |
| 24:40 | Construir | House |
| 24:58 | Crear | Villager (Male) |
| 25:00 | Crear | Villager (Male) |
| 25:19 | Crear | Villager (Male) |
Build order — mingenbauer
Primeras 150 de 164 acciones detectadas
| 0:02 | Crear | Villager (Male) |
| 0:02 | Crear | Villager (Male) |
| 0:02 | Crear | Villager (Male) |
| 0:03 | Crear | Villager (Male) |
| 0:03 | Crear | Villager (Male) |
| 0:06 | Construir | House |
| 0:10 | Construir | House |
| 1:31 | Crear | Villager (Male) |
| 1:32 | Crear | Villager (Male) |
| 1:54 | Construir | Lumber Camp |
| 2:02 | Crear | Villager (Male) |
| 2:26 | Crear | Villager (Male) |
| 2:26 | Crear | Villager (Male) |
| 2:52 | Crear | Villager (Male) |
| 2:53 | Crear | Villager (Male) |
| 3:18 | Crear | Villager (Male) |
| 3:18 | Crear | Villager (Male) |
| 3:43 | Crear | Villager (Male) |
| 3:43 | Crear | Villager (Male) |
| 3:52 | Construir | House |
| 4:06 | Crear | Villager (Male) |
| 4:06 | Crear | Villager (Male) |
| 4:20 | Construir | Mill |
| 4:32 | Construir | House |
| 4:37 | Crear | Villager (Male) |
| 4:37 | Crear | Villager (Male) |
| 5:02 | Crear | Villager (Male) |
| 5:16 | Construir | Palisade Wall |
| 5:25 | Crear | Villager (Male) |
| 5:25 | Crear | Villager (Male) |
| 6:07 | Crear | Villager (Male) |
| 6:07 | Crear | Villager (Male) |
| 6:43 | Crear | Villager (Male) |
| 6:56 | Construir | Palisade Wall |
| 7:00 | Construir | Palisade Gate |
| 7:09 | Construir | Palisade Wall |
| 7:12 | Crear | Villager (Male) |
| 7:36 | Construir | House |
| 7:42 | Crear | Villager (Male) |
| 7:43 | Crear | Villager (Male) |
| 8:31 | Construir | Palisade Wall |
| 8:55 | Investigar | Feudal Age |
| 9:22 | Investigar | Loom |
| 9:46 | Construir | House |
| 10:20 | Construir | Palisade Wall |
| 10:41 | Construir | Mill |
| 10:49 | Construir | Barracks |
| 10:52 | Crear | Villager (Male) |
| 10:52 | Crear | Villager (Male) |
| 10:52 | Crear | Villager (Male) |
| 11:05 | Edad | Edad Feudal |
| 11:10 | Crear | Villager (Male) |
| 12:15 | Crear | Villager (Male) |
| 12:21 | Construir | Mining Camp |
| 12:26 | Construir | Stable |
| 12:30 | Construir | Blacksmith |
| 12:53 | Construir | Palisade Gate |
| 12:57 | Crear | Villager (Male) |
| 13:13 | Construir | Palisade Wall |
| 13:38 | Construir | Farm |
| 13:41 | Crear | Villager (Male) |
| 14:33 | Construir | Palisade Gate |
| 14:35 | Construir | Farm |
| 14:37 | Construir | Farm |
| 14:42 | Construir | House |
| 14:45 | Construir | Farm |
| 14:47 | Construir | Farm |
| 14:48 | Construir | Farm |
| 14:50 | Construir | Farm |
| 15:18 | Construir | Palisade Wall |
| 15:36 | Construir | Farm |
| 15:40 | Investigar | Castle Age |
| 15:56 | Construir | Mill |
| 16:11 | Investigar | Double-Bit Axe |
| 16:31 | Crear | Spearman |
| 17:21 | Construir | Farm |
| 17:22 | Construir | Farm |
| 17:23 | Construir | Farm |
| 17:25 | Construir | Farm |
| 17:26 | Construir | Farm |
| 17:27 | Construir | Farm |
| 17:39 | Crear | Spearman |
| 17:39 | Crear | Spearman |
| 17:56 | Crear | Villager (Male) |
| 17:56 | Crear | Villager (Male) |
| 18:03 | Construir | House |
| 18:06 | Construir | House |
| 18:07 | Construir | House |
| 18:20 | Edad | Edad de los Castillos |
| 18:21 | Crear | Knight |
| 18:21 | Crear | Knight |
| 18:21 | Crear | Knight |
| 19:06 | Construir | Town Center |
| 19:16 | Crear | Knight |
| 20:38 | Crear | Villager (Male) |
| 20:39 | Crear | Villager (Male) |
| 20:39 | Crear | Villager (Male) |
| 20:39 | Crear | Villager (Male) |
| 20:58 | Crear | Villager (Male) |
| 20:58 | Crear | Villager (Male) |
| 20:59 | Crear | Villager (Male) |
| 21:20 | Construir | House |
| 21:21 | Construir | House |
| 21:23 | Construir | House |
| 21:28 | Construir | Farm |
| 21:32 | Construir | Farm |
| 21:34 | Construir | Farm |
| 21:38 | Crear | Villager (Male) |
| 22:05 | Construir | House |
| 22:07 | Construir | House |
| 22:10 | Crear | Villager (Male) |
| 22:11 | Crear | Villager (Male) |
| 22:11 | Crear | Villager (Male) |
| 22:24 | Construir | Farm |
| 22:27 | Crear | Villager (Male) |
| 22:29 | Crear | Villager (Male) |
| 22:30 | Crear | Villager (Male) |
| 22:47 | Crear | Villager (Male) |
| 22:52 | Construir | House |
| 22:53 | Construir | House |
| 22:55 | Construir | House |
| 23:02 | Crear | Villager (Male) |
| 23:24 | Crear | Knight |
| 23:24 | Crear | Knight |
| 23:43 | Construir | House |
| 23:45 | Construir | House |
| 23:47 | Construir | House |
| 23:50 | Crear | Villager (Male) |
| 23:50 | Crear | Villager (Male) |
| 23:53 | Crear | Villager (Male) |
| 24:06 | Construir | Farm |
| 24:12 | Crear | Villager (Male) |
| 24:15 | Crear | Knight |
| 24:15 | Crear | Knight |
| 24:34 | Construir | House |
| 24:36 | Construir | House |
| 24:38 | Construir | House |
| 24:43 | Investigar | Forging |
| 24:46 | Crear | Villager (Male) |
| 24:46 | Crear | Villager (Male) |
| 25:07 | Construir | Farm |
| 25:09 | Construir | Farm |
| 25:11 | Crear | Villager (Male) |
| 25:11 | Crear | Villager (Male) |
| 25:11 | Crear | Villager (Male) |
| 25:16 | Crear | Villager (Male) |
| 25:16 | Crear | Villager (Male) |
| 25:36 | Construir | Town Center |
| 25:45 | Construir | House |
| 25:49 | Crear | Villager (Male) |
Cronología de la partida
| 5:16 | mingenbauer · wall_segment Palisade Wall x10 |
| 6:56 | mingenbauer · wall_segment Palisade Wall x6 |
| 7:09 | mingenbauer · wall_segment Palisade Wall x14 |
| 7:41 | Carpincho Fernández · first_building Barracks |
| 8:25 | Carpincho Fernández · wall_segment Palisade Wall x1 |
| 8:28 | Carpincho Fernández · wall_segment Palisade Wall x3 |
| 8:31 | mingenbauer · wall_segment Palisade Wall x8 |
| 8:32 | Carpincho Fernández · wall_segment Palisade Wall x5 |
| 8:38 | Carpincho Fernández · wall_segment Palisade Wall x1 |
| 8:39 | MedicenelMago · first_building Barracks |
| 8:40 | Carpincho Fernández · wall_segment Palisade Wall x5 |
| 9:32 | Carpincho Fernández · age_up feudal |
| 9:35 | MedicenelMago · age_up feudal |
| 9:35 | Carpincho Fernández · first_building Stable |
| 9:43 | MedicenelMago · first_building Archery Range |
| 10:20 | mingenbauer · wall_segment Palisade Wall x18 |
| 10:47 | basbr · wall_segment Palisade Wall x5 |
| 10:49 | mingenbauer · first_building Barracks |
| 10:58 | basbr · wall_segment Palisade Wall x9 |
| 11:05 | mingenbauer · age_up feudal |
| 11:23 | basbr · age_up feudal |
| 11:49 | basbr · first_building Barracks |
| 12:26 | MedicenelMago · wall_segment Palisade Wall x1 |
| 12:26 | mingenbauer · first_building Stable |
| 13:13 | mingenbauer · wall_segment Palisade Wall x13 |
| 15:18 | mingenbauer · wall_segment Palisade Wall x18 |
| 16:19 | basbr · first_building Archery Range |
| 18:20 | mingenbauer · age_up castle |
| 20:49 | basbr · wall_segment Palisade Wall x9 |
| 20:57 | basbr · wall_segment Palisade Wall x5 |
| 21:43 | MedicenelMago · wall_segment Palisade Wall x10 |
| 22:15 | Carpincho Fernández · age_up castle |
| 23:02 | Carpincho Fernández · first_market_sell 100 food |
| 23:40 | MedicenelMago · age_up castle |
| 24:07 | Carpincho Fernández · first_market_buy 100 wood |
| 24:13 | basbr · wall_segment Palisade Wall x28 |
| 25:35 | basbr · wall_segment Palisade Wall x8 |
| 25:42 | basbr · wall_segment Palisade Wall x2 |
| 26:20 | basbr · first_building Stable |
| 27:47 | mingenbauer · resign |
[ ANÁLISIS IA · 1 CRÉDITO ]
¿Qué pasó realmente en esta partida?
Wolo.gg analiza cada decisión: build order, eco, micro, errores típicos por bracket. Análisis personalizado por WhatsApp o Discord en 30 segundos.
Guía civ
Cumanos
Perfil
Jugador #5538313